Map: Abyssal Reef LE

Players

Whiskydog - Winner!

  • Race: Terran Terran
  • League: Silver
  • Spawn Location: 5:00

haydean

  • Race: Terran Terran
  • League: Bronze
  • Spawn Location: 11:00

VOD

Have the link to the VOD?

Description

Time

  • Played on: June 7, 2017, 6:49 p.m.
  • Length: 12:01
Show
View Real Time Build Order
Export as new Build Order

Whiskydog Terran - Winner!

Build Orders:  

Get SALT Encoding   

  12  0:03  SCV  
  13  0:16  Supply Depot  
  13  0:19  SCV  
  14  0:31  SCV  
  15  0:36  Refinery  
  15  0:38  Refinery  
  15  0:53  Barracks  
  15  0:55  SCV  
  16  1:07  SCV  
  17  1:14  Supply Depot  
  17  1:19  SCV  
  18  1:31  SCV  
  19  1:39  Engineering Bay  
  19  1:44  Barracks Reactor  
  19  1:48  SCV  
  20  2:04  SCV  
  20  2:05  Factory  
  21  2:13  Terran Infantry Weapons Level 1  
  21  2:23  SCV  
  21  2:25  Marine x2  
  24  2:42  Barracks  
  24  2:48  Orbital Command  
  24  2:55  Factory Reactor  
  24  2:58  Marine  
  24  2:59  Marine  
  26  3:10  Supply Depot  
  26  3:18  SCV  
  27  3:20  Marine  
  27  3:22  Marine  
  29  3:31  Supply Depot, SCV  
  29  3:33  Barracks Tech Lab  
  30  3:48  Cyclone  
  30  3:50  Starport  
  30  3:54  Marine  
  30  3:55  Marine  
  35  4:12  Terran Infantry Armor Level 1  
  35  4:13  Combat Shields  
  35  4:18  Marine x2  
  37  4:24  Cyclone  
  37  4:27  SCV  
  41  4:39  SCV  
  42  4:47  Command Center  
  42  4:55  SCV  
  42  4:56  Marine  
  42  4:57  Marine  
  45  5:00  Marine  
  46  5:07  Starport Reactor  
  46  5:21  Marine  
  46  5:22  Supply Depot x2  
  47  5:44  Cyclone x2, Supply Depot, Marine x2  
  47  5:47  Supply Depot, SCV  
  56  5:53  Marine  
  57  6:03  Orbital Command  
  57  6:09  SCV  
  58  6:12  Marine x2  
  60  6:21  SCV  
  60  6:22  Armory  
  60  6:23  Marine  
  62  6:26  Medivac  
  64  6:33  SCV  
  64  6:37  Marine x2  
  67  6:40  Marine  
  68  6:49  Barracks  
  68  6:54  Starport  
  68  7:01  Refinery  
  68  7:02  Refinery  
  68  7:04  Barracks  
  68  7:06  Missile Turret x2  
  68  7:08  Missile Turret  
  68  7:24  SCV x2  
  68  7:26  Marine x2  
  68  7:27  Marine  
  68  7:29  Cyclone  
  76  7:32  Medivac  
  76  7:36  SCV x2  
  80  7:41  Supply Depot  
  80  7:48  SCV x2  
  80  7:49  Supply Depot x2, Marine x2  
  84  7:52  Barracks Reactor  
  84  7:54  Barracks Reactor  
  84  7:56  Marine  
  85  8:00  Medivac  
  87  8:18  Marine x2  
  87  8:19  Marine  
  90  8:21  Cyclone x2  
  90  8:23  Medivac  
  98  8:33  Terran Infantry Weapons Level 2  
  98  8:36  Marine x2  
  98  8:37  Stimpack  
  53  9:49  Marine x6  
  53  9:51  Cyclone x2  
  65  9:53  Marine  
  66  10:07  Marine x2  
  66  10:09  Marine x4  
  66  10:11  Marine  
  70  10:23  Cyclone x2  
  70  10:24  Marine  
  70  10:25  Marine  
  70  10:26  Marine  
  70  10:27  Marine x2  
  76  10:37  Barracks  
  76  10:38  Barracks  
  76  10:40  Barracks  
  76  10:42  Factory, Barracks, Marine  
  77  10:43  Marine  
  77  10:47  Viking  
  77  10:49  Marine  
  81  10:50  Marine x4  
  85  10:59  Marine  
  85  11:02  Marine  
  87  11:07  Marine x3  
Show
View Real Time Build Order
Export as new Build Order

haydean Terran 

Build Orders:  

Get SALT Encoding   

  12  5:17  Supply Depot  
  12  5:20  Refinery  
  12  5:21  Refinery  
  12  5:25  SCV  
  12  5:26  Engineering Bay  
  13  5:34  Command Center  
  13  5:35  Command Center  
  13  5:37  SCV  
  13  5:40  Command Center  
  14  5:46  Barracks  
  14  5:49  SCV  
  15  6:01  SCV  
  16  6:13  SCV  
  18  6:25  SCV  
  18  6:35  Barracks  
  18  6:37  SCV  
  18  6:38  Marine  
  20  6:49  SCV  
  21  6:55  Factory  
  21  6:56  Marine  
  21  6:58  SCV  
  21  6:59  SCV  
  24  7:02  SCV  
  25  7:08  Planetary Fortress  
  25  7:11  SCV x2  
  25  7:14  Marine, SCV  
  29  7:21  Factory  
  29  7:23  SCV x2  
  29  7:24  Barracks  
  29  7:26  SCV  
  29  7:27  Marine  
  33  7:32  Marine  
  33  7:35  SCV x2  
  36  7:38  SCV  
  37  7:45  Marine  
  37  7:47  SCV  
  37  7:49  Marine  
  37  7:50  SCV  
  41  7:55  Refinery  
  41  7:59  SCV  
  41  8:02  SCV  
  41  8:03  Marine  
  41  8:04  SCV  
  45  8:07  Marine  
  45  8:11  SCV  
  47  8:13  Barracks  
  47  8:14  SCV  
  47  8:16  Marine  
  47  8:17  SCV  
  50  8:21  Marine  
  50  8:22  Factory Tech Lab  
  50  8:23  SCV  
  50  8:25  Marine  
  50  8:26  Factory Tech Lab, SCV  
  54  8:29  SCV  
  54  8:34  Marine  
  55  8:35  SCV  
  55  8:38  Marine, SCV  
  55  8:41  SCV  
  60  8:43  Marine  
  60  8:47  SCV  
  62  8:51  Marine  
  62  8:53  SCV  
  64  8:56  Starport, Marine  
  64  9:01  Marine  
  57  9:32  Planetary Fortress  
  38  10:20  Supply Depot  
  38  10:21  Supply Depot  
  38  10:41  Hellion x2, Marine x4  
  46  10:47  Supply Depot  
  46  10:59  Marine x3  
  46  11:03  Hellion x2  
  51  11:24  Hellion x2  
Tags
 
Matchup
TvT
Race
Terran
Replay Pack
SIII
Spawn Locations
Cross Positions
Add a new tag
Caveats
  • Supply blocks, unpowered buildings, or Contaminate may cause inaccurate times.
  • Supply counts are checked every 10 seconds.